 Dungeon Crawl Stone Soup version 0.24.0-123-gd5b16e6ec5 (webtiles) character file.

Game seed: 15290943613803917361, levelgen mode: deterministic

289 sagitran the Slasher (level 5, 0/45 HPs)
             Began as a Demigod Fighter on Dec 20, 2019.
             Succumbed to an orc wizard's poison
             ... on level 4 of the Dungeon.
             The game lasted 00:13:22 (2509 turns).

sagitran the Slasher (Demigod Fighter)              Turns: 2509, Time: 00:13:23

Health: 0/45       AC:  8    Str: 19    XL:     5   Next: 82%
Magic:  7/7        EV:  7    Int: 12    God:
Gold:   118        SH: 10    Dex: 17    Spells: 4/4 levels left

rFire    . . .     SeeInvis .   a - +0 long sword
rCold    + . .     Gourm    .   c - +0 shield
rNeg     . . .     Faith    .   b - +0 scale mail
rPois    .         Spirit   .   x - +0 helmet
rElec    .         Reflect  .   C - scarf {repulsion}
rCorr    .         Harm     +   (no gloves)
MR       .....                  (no boots)
Stlth    ..........             v - amulet of harm
HPRegen  0.15/turn              n - ring of protection from cold
MPRegen  0.10/turn              w - ring of flight

@: lethally poisoned (0 -> -12), repel missiles
A: high mp 1
a: Evoke Flight


You were on level 4 of the Dungeon.
You were not hungry.

You visited 1 branch of the dungeon, and saw 4 of its levels.

You collected 118 gold pieces.

Inventory:

Hand Weapons
 a - a +0 long sword (weapon)
 z - a +4 quarterstaff of chaos
Armour
 b - a +0 scale mail (worn)
 c - a +0 shield (worn)
 x - a +0 helmet (worn)
 A - a +0 cloak of poison resistance
 C - a scarf of repulsion (worn)
Jewellery
 n - a ring of protection from cold (left hand)
 v - an amulet of harm (around neck)
 w - a ring of flight (right hand)
Wands
 y - a wand of acid (8)
Scrolls
 e - 2 scrolls of fog
 h - 2 scrolls of magic mapping {unknown}
 j - 3 scrolls of identify {unknown}
 l - a scroll of enchant weapon {unknown}
 q - a scroll of enchant armour {unknown}
 r - a scroll of immolation {unknown}
 t - a scroll of amnesia {unknown}
 u - a scroll of remove curse {unknown}
 B - 2 scrolls of teleportation {unknown}
Potions
 d - a potion of might
 g - a potion of resistance {unknown}
 i - a potion of curing
 k - a potion of ambrosia {unknown}
 m - a potion of mutation {unknown}
 o - a potion of flight {unknown}
 p - 2 potions of heal wounds {unknown}
 s - a potion of berserk rage {unknown}
 D - a potion of lignification {unknown}
Comestibles
 f - 4 rations


   Skills:
 + Level 3.5 Fighting
 + Level 3.9 Long Blades
 + Level 3.3 Armour
 + Level 0.8 Dodging
 + Level 3.8 Shields


You had 4 spell levels left.
You didn't know any spells.
Your spell library was empty.

Dungeon Overview and Level Annotations

Branches:
Dungeon (4/15)
 Temple: D:4-7


Innate Abilities, Weirdness & Mutations

You have an increased reservoir of magic. (+10% MP)


Message History

You feel sick.
You feel sick.
The orc wizard hits you with a +2 dagger of venom.
* * * LOW HITPOINT WARNING * * *
You are lethally poisoned!
* * * LOW HITPOINT WARNING * * *
You feel sick.
There is a stone staircase leading up here.
As you read the scroll of fog, it crumbles to dust.
The scroll dissolves into smoke.
* * * LOW HITPOINT WARNING * * *
You feel sick.
The orc wizard hits you with a +2 dagger of venom.
* * * LOW HITPOINT WARNING * * *
You block the orc wizard's attack.
* * * LOW HITPOINT WARNING * * *
You feel sick. The orc wizard casts a spell at you.
You resist with some effort.
You die...

..###.##.###......# #.......##
#..#...##.....#.#######....####
#................##.........###
#....###......####....##[)...##
# .. #.....### #............#
.. .##......###.#.........##
... #..........#..###........#
.... ....##..###§.§.#
##.......# .... .####...#
#@§§## #...#...# ##..# #§§§###
#[.##...#
#..#.#§§§o§###.......#
#.....§§§§§.........##
#.....§######.......# ........
###...†...## ........
#.......###
#............^##...# .....#
##.#...##....#


There were no monsters in sight!

Vanquished Creatures
  Crazy Yiuf (D:3)
  3 orc priests
  3 adders
  4 gnolls (D:2)
  2 worms
  4 dart slugs
  5 leopard geckos
  4 orcs
  2 ball pythons
  2 giant cockroaches
  5 goblins
  12 hobgoblins
  6 jackals (D:4)
  8 kobolds
  5 quokkas
  11 bats
  4 frilled lizards
  7 rats
  3 toadstools (D:1)
91 creatures vanquished.

Vanquished Creatures (others)
  A toadstool (D:1)
1 creature vanquished.

Grand Total: 92 creatures vanquished

Notes
Turn   | Place    | Note
-------+----------+-------------------------------------------
     0 | D:1      | sagitran the Demigod Fighter began the quest for the Orb.
     0 | D:1      | Reached XP level 1. HP: 18/18 MP: 3/3
   151 | D:1      | Reached XP level 2. HP: 25/25 MP: 4/4
   572 | D:2      | Found a shimmering blue altar of Sif Muna.
   614 | D:2      | Reached XP level 3. HP: 27/30 MP: 5/5
   621 | D:2      | Found a glowing silver altar of Zin.
   624 | D:2      | Noticed an angel
   626 | D:2      | Found a shimmering altar of Xom.
   900 | D:2      | Reached XP level 4. HP: 18/37 MP: 6/6
  1105 | D:2      | You fall into a shaft and drop 2 floors!
  1291 | D:3      | Reached XP level 5. HP: 29/45 MP: 7/7
  1879 | D:3      | Found a runed translucent door.
  1880 | D:3      | Noticed Crazy Yiuf
  1885 | D:3      | Killed Crazy Yiuf
  2041 | D:3      | Found a basalt altar of Yredelemnul.
  2086 | D:3      | Found a burning altar of Makhleb.
  2425 | D:4      | HP: 1/45 [orc priest/nerve-wracking pain (12)]
  2507 | D:4      | HP: 2/45 [orc wizard/+2 dagger of venom (3)]
  2509 | D:4      | Succumbed to an orc wizard's poison

Levels and vault maps discovered:
D:1:      ldierk_water_garden, layout_rooms, minmay_door_square, st_stairs_4,
          minmay_pentomino_u2
D:2:      layout_loops_ring, grunt_temple_overflow_order_and_chaos_1,
          lemuel_blue_sif_altar, first_ration
D:3:      layout_loops_cross, overflow_temple_1_default, lightli_temple_of_fire,
          minmay_cut_off, uniq_crazy_yiuf_cottage
D:4:      layout_cave_pools, overflow_temple_1_default, minivault_23, uniq_robin

Skill      XL: |  1  2  3  4 |
---------------+-------------+-----
Shields        | 3 |  3.8
Long Blades    | 2 3 |  3.9
Armour         | 3 |  3.3
Fighting       | 3 |  3.5
Dodging        | |  0.8

Action                   |  1- 3 |  4- 6 || total
-------------------------+-------+-------++-------
Melee: Long sword        |   104 |   162 ||   266
  Use: Potion            |     1 |     2 ||     3
       Scroll            |       |     2 ||     2
  Eat: Ration            |       |     2 ||     2
Armor: Scale mail        |    54 |    87 ||   141
Dodge: Dodged            |    40 |    64 ||   104
Block: Shield            |    83 |   105 ||   188
       Rpst.: Long sword |    14 |    18 ||    32
